Map: Odyssey LE

Players

IIIIIIIIIIII

  • Race: Zerg Zerg
  • League: Master
  • Spawn Location: 5:00

lllllllllllI - Winner!

  • Race: Protoss Protoss
  • League: Master
  • Spawn Location: 11:00

VOD

Have the link to the VOD?

Description

Time

  • Played on: Dec. 24, 2017, 11:54 p.m.
  • Length: 30:22
Show
View Real Time Build Order
Export as new Build Order

IIIIIIIIIIII Zerg 

Build Orders: Pool First 

Get SALT Encoding   

  12  0:01  Drone  
  13  0:12  Overlord  
  14  0:21  Drone  
  14  0:30  Drone x2  
  16  0:36  Drone  
  17  0:45  Spawning Pool  
  17  0:47  Extractor  
  15  0:50  Drone  
  15  0:56  Drone  
  17  1:22  Hatchery  
  16  1:33  Zergling x2  
  17  1:40  Zergling x2  
  18  1:48  Zergling x2  
  19  1:58  Zergling x2  
  20  2:13  Pneumatized Carapace  
  20  2:33  Drone x2  
  20  2:34  Extractor  
  20  2:36  Drone  
  20  2:37  Drone  
  23  2:39  Queen  
  25  2:50  Overlord  
  25  2:54  Overlord  
  25  3:05  Evolution Chamber  
  25  3:10  Drone x2  
  26  3:23  Queen  
  28  3:30  Drone  
  28  3:31  Baneling Nest  
  29  3:41  Zergling x6  
  29  3:47  Zergling x2  
  29  3:48  Zergling x2  
  33  4:04  Overlord  
  33  4:05  Overlord  
  33  4:15  Baneling x4  
  33  4:16  Baneling x3  
  33  4:18  Baneling  
  33  4:41  Lair  
  31  5:02  Drone x10  
  41  5:07  Metabolic Boost  
  41  5:18  Drone x2  
  41  5:19  Drone  
  44  5:35  Zergling x4  
  46  5:40  Drone x3  
  49  5:43  Drone  
  49  5:44  Hydralisk Den  
  49  5:45  Drone x3  
  49  5:48  Extractor  
  49  5:49  Drone, Overlord  
  52  5:54  Overlord  
  52  6:13  Baneling x3  
  52  6:14  Baneling  
  51  6:21  Spore Crawler  
  51  6:22  Spore Crawler x2  
  51  6:23  Spore Crawler  
  51  6:25  Drone x4, Spore Crawler x2  
  49  6:26  Spore Crawler  
  47  6:43  Drone x3  
  47  6:44  Drone x4  
  47  6:45  Drone  
  55  6:48  Extractor  
  55  6:49  Spore Crawler  
  52  7:12  Muscular Augments  
  48  7:20  Hydralisk x6  
  60  7:27  Hatchery  
  60  7:29  Overlord x2  
  59  7:38  Overlord x3  
  59  7:44  Zergling x2  
  59  7:47  Zergling x8  
  64  7:55  Hydralisk x3  
  68  8:14  Hydralisk x7  
  82  8:21  Overlord x2  
  82  8:34  Baneling x3, Hatchery  
  82  8:35  Baneling  
  82  8:38  Baneling x4  
  81  8:44  Overlord, Overseer  
  81  8:51  Zerg Missile Weapons Level 1  
  77  9:25  Overlord x4  
  77  9:31  Evolution Chamber, Overlord x2  
  76  9:32  Overlord  
  76  9:51  Queen, Spore Crawler  
  76  9:52  Drone x4  
  81  9:53  Drone x4, Spore Crawler, Hydralisk  
  81  9:54  Hydralisk x3  
  78  10:09  Queen  
  75  10:16  Hydralisk x4  
  68  10:32  Hydralisk x4  
  76  10:39  Spore Crawler  
  76  10:40  Drone x2  
  77  10:44  Zergling x4  
  79  10:52  Drone  
  79  10:53  Drone x2  
  82  11:04  Drone  
  82  11:05  Drone x4  
  82  11:10  Spore Crawler  
  86  11:23  Hydralisk x3  
  92  11:27  Baneling x4  
  92  11:35  Drone x4  
  92  11:36  Spore Crawler  
  92  11:37  Drone  
  96  11:45  Drone x3  
  96  11:46  Drone  
  100  12:01  Zerg Missile Weapons Level 2, Zerg Ground Armor Level 1  
  98  12:03  Drone  
  98  12:04  Drone x5  
  104  12:14  Infestation Pit  
  103  12:17  Overseer  
  103  12:21  Overseer  
  103  12:27  Drone x4, Extractor  
  103  12:28  Extractor  
  105  12:32  Spore Crawler  
  105  12:34  Overlord x3  
  105  12:36  Hydralisk  
  104  12:37  Hydralisk x2  
  70  12:58  Hydralisk  
  70  12:59  Hydralisk x5  
  63  13:19  Drone  
  62  13:23  Drone  
  62  13:24  Drone x9  
  72  13:30  Zergling x2  
  73  13:36  Zergling x2  
  73  13:38  Drone  
  75  13:43  Pathogen Glands  
  75  13:47  Drone x3  
  78  13:50  Queen  
  80  14:02  Drone x3  
  83  14:03  Drone  
  83  14:04  Drone  
  83  14:06  Drone  
  83  14:07  Drone  
  87  14:11  Baneling  
  87  14:12  Baneling x3  
  87  14:20  Infestor x2  
  87  14:21  Infestor x5  
  101  14:26  Burrow  
  101  14:40  Infestor  
  101  14:42  Hydralisk x2  
  104  15:02  Hydralisk x3  
  104  15:03  Hydralisk x3  
  104  15:05  Zergling x6  
  119  15:12  Hatchery  
  118  15:30  Hydralisk x2, Spire  
  118  15:31  Zergling x2, Hydralisk  
  118  15:32  Zergling x12  
  130  15:37  Hydralisk  
  128  16:08  Hydralisk  
  128  16:09  Hydralisk x9  
  83  16:33  Zergling x2  
  83  16:34  Zergling x26  
  92  16:45  Infestor x2  
  92  16:56  Infestor x2  
  92  16:59  Zergling x10  
  75  17:11  Hydralisk x3  
  75  17:13  Hydralisk  
  78  17:29  Hydralisk x3  
  84  17:30  Zergling x8  
  84  17:31  Zergling x4  
  84  17:35  Extractor  
  89  17:38  Extractor  
  83  18:07  Infestor x3  
  83  18:08  Zergling x2  
  83  18:09  Zergling x16  
  98  18:25  Drone x11  
  108  18:34  Infestor  
  108  18:38  Hydralisk x2  
  108  18:39  Hydralisk  
  114  18:49  Infestor  
  114  18:50  Infestor x2  
  120  18:58  Drone x4  
  118  19:11  Drone x15  
  96  19:27  Drone x3  
  96  19:28  Queen  
  96  19:29  Infestor x3  
  107  19:34  Hydralisk  
  109  19:41  Infestor  
  109  19:42  Infestor  
  104  19:56  Infestor x3  
  110  20:00  Zergling x4  
  110  20:01  Zergling x6  
  114  20:27  Overseer x2  
  113  20:36  Hydralisk x5  
  113  20:37  Hydralisk x2  
  123  20:59  Infestor x13  
  123  21:02  Overseer  
  123  21:10  Hydralisk x6  
  123  21:11  Hydralisk  
  135  21:14  Zergling x2  
  135  21:15  Zergling x2  
  73  22:31  Hive  
  57  22:41  Swarm Host  
  81  22:51  Zergling x8  
  82  22:52  Zergling x14  
  92  23:01  Swarm Host  
  92  23:02  Zergling x4  
  100  23:07  Zergling x8  
  104  23:21  Zergling x6  
  110  23:33  Swarm Host  
  110  23:34  Zergling x2  
  110  23:35  Zergling x8  
  110  23:38  Infestor x3  
  110  23:39  Infestor x3  
  118  23:53  Hatchery  
  100  24:32  Infestor x5  
  100  24:33  Hatchery  
  83  25:29  Greater Spire  
  83  25:34  Infestor x5  
  83  26:07  Hatchery  
  82  26:26  Hatchery  
  82  26:27  Corruptor x4  
  89  26:40  Spine Crawler  
  89  26:43  Spine Crawler  
  87  27:02  Brood Lord  
  87  27:06  Brood Lord  
  91  27:45  Brood Lord  
  93  27:52  Drone  
  93  27:53  Drone x14  
  93  27:58  Brood Lord  
  110  28:13  Extractor  
  110  28:19  Corruptor x2  
  113  28:25  Infestor x5  
  113  28:40  Spine Crawler  
  112  28:42  Drone x4, Spine Crawler  
  112  28:43  Extractor  
  97  29:06  Hatchery  
  66  29:27  Brood Lord x2  
Show
View Real Time Build Order
Export as new Build Order

lllllllllllI Protoss - Winner!

Build Orders: Forge Fast Expand (FFE) 

Get SALT Encoding   

  12  0:00  Probe  
  13  0:13  Probe  
  14  0:23  Pylon  
  14  0:25  Probe (Chrono Boost)  
  15  0:40  Probe (Chrono Boost)  
  16  0:44  Forge  
  16  0:49  Probe  
  17  1:01  Probe  
  18  1:08  Pylon  
  18  1:25  Pylon  
  18  1:34  Pylon  
  18  1:38  Nexus  
  18  1:40  Probe (Chrono Boost)  
  19  1:50  Probe (Chrono Boost)  
  21  2:01  Probe  
  21  2:08  Gateway  
  20  2:11  Photon Cannon  
  20  2:13  Probe (Chrono Boost)  
  20  2:14  Pylon  
  21  2:22  Assimilator  
  21  2:25  Probe (Chrono Boost)  
  21  2:26  Assimilator  
  21  2:29  Probe (Chrono Boost)  
  23  2:39  Probe  
  24  2:45  Pylon  
  24  2:50  Probe  
  25  2:52  Probe  
  26  3:02  Cybernetics Core  
  26  3:04  Probe (Chrono Boost)  
  28  3:07  Probe (Chrono Boost)  
  29  3:17  Probe (Chrono Boost), Assimilator  
  30  3:21  Probe, Photon Cannon  
  30  3:30  Probe  
  30  3:33  Probe  
  32  3:35  Pylon  
  32  3:42  Probe  
  32  3:45  Probe  
  34  3:56  Stargate  
  34  3:57  Probe  
  34  3:58  Stargate  
  34  3:59  Photon Cannon  
  34  4:00  Probe  
  36  4:09  Probe (Chrono Boost)  
  37  4:10  Stargate  
  38  4:17  Probe (Chrono Boost)  
  38  4:22  Probe (Chrono Boost)  
  39  4:30  Nexus  
  39  4:33  Pylon  
  39  4:37  Probe  
  40  4:43  Oracle x2  
  44  4:55  Probe  
  44  5:01  Assimilator  
  44  5:05  Assimilator, Photon Cannon  
  44  5:08  Probe, Photon Cannon  
  44  5:12  Pylon  
  45  5:18  Probe  
  46  5:25  Oracle (Chrono Boost)  
  49  5:30  Probe  
  49  5:31  Pylon  
  49  5:33  Oracle (Chrono Boost)  
  52  5:38  Photon Cannon  
  52  5:39  Photon Cannon  
  52  5:42  Probe  
  53  5:49  Oracle (Chrono Boost)  
  53  5:54  Probe  
  57  5:59  Gateway x2  
  57  6:04  Photon Cannon  
  57  6:06  Probe  
  57  6:07  Oracle (Chrono Boost)  
  57  6:08  Photon Cannon  
  57  6:09  Gateway  
  61  6:15  Pylon  
  59  6:39  Void Ray x2  
  67  6:51  Photon Cannon  
  67  6:52  Probe, Photon Cannon  
  68  7:05  Probe  
  68  7:12  Void Ray  
  68  7:15  Probe  
  73  7:17  Probe  
  74  7:27  Probe (Chrono Boost)  
  75  7:38  Probe (Chrono Boost)  
  77  7:45  Probe (Chrono Boost)  
  77  7:47  Probe (Chrono Boost)  
  78  7:52  Probe (Chrono Boost)  
  78  7:54  Pylon  
  79  8:07  Nexus  
  79  8:30  Adept  
  79  8:31  Adept x2  
  79  8:34  Oracle x3  
  93  8:37  Photon Cannon  
  94  8:41  Probe (Chrono Boost)  
  94  8:43  Probe (Chrono Boost)  
  95  8:52  Probe (Chrono Boost)  
  95  8:53  Probe (Chrono Boost)  
  95  8:55  Assimilator  
  97  8:58  Adept x2  
  97  9:02  Probe  
  99  9:10  Adept  
  99  9:11  Oracle x3  
  99  9:14  Probe  
  107  9:23  Probe  
  108  9:25  Adept  
  110  9:36  Probe  
  110  9:37  Pylon  
  111  9:39  Pylon  
  111  9:40  Pylon  
  99  9:48  Oracle x3  
  99  9:52  Adept  
  110  9:55  Pylon  
  110  9:57  Pylon  
  97  10:25  Oracle x3  
  95  10:32  Adept  
  95  10:33  Zealot x2  
  95  10:35  Probe (Chrono Boost)  
  102  10:39  Assimilator  
  103  10:44  Probe x2 (Chrono Boost)  
  101  10:59  Zealot  
  101  11:00  Zealot x2, Oracle x3 (Chrono Boost)  
  113  11:10  Nexus  
  113  11:14  Probe  
  113  11:15  Probe  
  113  11:17  Probe  
  116  11:26  Probe, Zealot  
  116  11:27  Probe, Zealot x2  
  116  11:29  Oracle  
  127  11:49  Oracle  
  127  11:50  Oracle  
  127  11:53  Zealot, Pylon  
  135  11:54  Zealot x2, Pylon  
  135  11:56  Pylon  
  135  11:59  Pylon  
  127  12:01  Probe  
  127  12:04  Probe  
  127  12:06  Oracle  
  131  12:13  Probe  
  132  12:16  Probe  
  132  12:20  Assimilator  
  132  12:21  Zealot x2  
  132  12:22  Zealot  
  139  12:25  Assimilator  
  136  12:48  Zealot  
  94  13:02  Oracle x3  
  86  13:12  Zealot x2  
  86  13:15  Zealot  
  86  13:17  Probe (Chrono Boost)  
  86  13:18  Probe (Chrono Boost)  
  89  13:20  Probe (Chrono Boost)  
  92  13:28  Probe (Chrono Boost)  
  92  13:29  Probe (Chrono Boost)  
  92  13:30  Probe x2 (Chrono Boost)  
  92  13:32  Twilight Council  
  93  13:39  Zealot, Oracle x3  
  93  13:40  Probe (Chrono Boost)  
  108  13:41  Probe (Chrono Boost)  
  108  13:44  Probe x2 (Chrono Boost)  
  109  13:49  Probe (Chrono Boost), Pylon  
  109  13:50  Probe (Chrono Boost)  
  109  13:51  Zealot x2  
  109  13:52  Probe (Chrono Boost)  
  115  13:56  Probe x2 (Chrono Boost)  
  115  14:02  Probe (Chrono Boost)  
  119  14:04  Probe (Chrono Boost)  
  119  14:06  Probe (Chrono Boost)  
  119  14:07  Zealot, Probe (Chrono Boost)  
  124  14:11  Probe (Chrono Boost)  
  124  14:12  Probe (Chrono Boost)  
  124  14:13  Probe x2 (Chrono Boost)  
  124  14:16  Oracle x3  
  136  14:20  Probe (Chrono Boost), Zealot x2  
  136  14:21  Probe (Chrono Boost)  
  142  14:27  Dark Shrine  
  142  14:28  Warp Gate  
  144  14:31  Probe (Chrono Boost)  
  144  14:32  Probe (Chrono Boost)  
  144  14:34  Zealot  
  146  14:52  Probe (Chrono Boost)  
  141  14:53  Oracle x2  
  141  14:54  Probe (Chrono Boost), Oracle  
  151  15:02  Probe (Chrono Boost)  
  151  15:03  Probe (Chrono Boost)  
  151  15:06  Zealot x3  
  156  15:23  Charge (Chrono Boost)  
  156  15:30  Oracle x2  
  156  15:33  Zealot x2  
  156  15:34  Zealot  
  168  16:00  Zealot  
  168  16:01  Zealot x2  
  143  16:32  Void Ray  
  123  16:41  Stalker x3  
  123  16:46  Gateway  
  125  16:48  Probe, Gateway  
  125  16:51  Gateway  
  125  16:54  Robotics Facility  
  120  17:00  Probe  
  93  17:11  Stalker x2  
  93  17:14  Stalker  
  90  17:33  Pylon  
  90  17:35  Photon Cannon  
  90  17:39  Photon Cannon  
  86  18:08  Robotics Bay  
  86  18:10  Robotics Facility  
  86  18:13  Dark Templar x4  
  86  18:14  Dark Templar  
  90  18:42  Probe, Pylon  
  91  18:49  Stalker x3  
  91  18:50  Stalker x3  
  91  18:54  Probe  
  104  19:06  Probe, Colossus  
  105  19:16  Colossus  
  111  19:18  Stalker x4  
  111  19:19  Stalker x2  
  117  19:35  Extended Thermal Lance (Chrono Boost)  
  116  19:53  Stalker x4  
  116  19:54  Stalker  
  121  20:00  Colossus  
  127  20:16  Pylon  
  127  20:18  Pylon  
  125  20:31  Nexus  
  125  20:32  Pylon  
  125  20:34  Pylon  
  125  20:39  Cybernetics Core  
  125  20:42  Pylon  
  125  20:43  Pylon  
  125  20:44  Pylon  
  125  20:45  Pylon  
  125  20:47  Colossus  
  125  20:55  Dark Templar, Pylon  
  127  20:57  Pylon, Photon Cannon  
  127  20:59  Pylon  
  127  21:01  Photon Cannon  
  127  21:03  Photon Cannon  
  127  21:05  Photon Cannon  
  127  21:07  Dark Templar x3, Photon Cannon  
  133  21:11  Archon  
  133  21:12  Archon  
  133  21:15  Colossus  
  123  21:40  Colossus  
  123  21:44  Stalker  
  123  21:45  Stalker x2  
  123  21:46  Stalker  
  130  22:10  Dark Templar x3  
  104  22:24  Gateway  
  104  22:25  Gateway  
  98  22:30  Gateway  
  98  22:33  Probe  
  95  22:42  Immortal x2  
  103  22:45  Probe  
  103  22:47  Pylon  
  103  22:49  Pylon  
  104  22:57  Probe  
  105  23:01  Nexus  
  105  23:02  Twilight Council  
  105  23:03  Pylon  
  105  23:06  Stalker x3  
  111  23:21  Observer (Chrono Boost)  
  112  23:29  Stalker  
  112  23:30  Stalker x5  
  123  23:41  Observer (Chrono Boost)  
  123  23:42  Dark Shrine  
  124  23:53  Probe  
  125  24:05  Probe  
  126  24:17  Probe  
  111  24:29  Probe, Templar Archives  
  112  24:41  Probe  
  112  24:44  Assimilator  
  113  24:46  Assimilator  
  113  24:48  Stalker  
  113  24:49  Stalker x4  
  113  24:50  Stalker  
  125  24:53  Probe  
  124  25:19  Dark Templar x4  
  124  25:20  Dark Templar x2  
  120  25:22  Colossus  
  120  25:23  Colossus  
  132  25:32  Probe  
  133  25:35  Pylon  
  133  25:37  Probe  
  134  25:44  Probe  
  136  25:50  Probe, Pylon  
  136  25:52  Dark Templar x4  
  136  25:56  Probe  
  145  26:02  Probe  
  146  26:05  Gateway  
  146  26:06  Gateway, Archon x2  
  146  26:07  Dark Templar  
  146  26:08  Probe, Gateway  
  146  26:09  Gateway  
  149  26:14  Probe  
  146  26:30  Dark Templar x3  
  146  26:31  Psionic Storm  
  152  26:35  Archon  
  152  26:46  Shield Battery  
  152  26:48  Forge  
  152  26:51  Gateway  
  152  26:52  Gateway  
  152  26:54  Gateway  
  152  26:55  Probe, Pylon  
  153  27:02  High Templar x2  
  153  27:06  Zealot  
  153  27:07  Probe  
  160  27:12  Archon  
  160  27:13  Archon x2  
  160  27:15  High Templar  
  162  27:18  Zealot x2  
  162  27:19  Zealot x3  
  166  27:43  High Templar x2  
  166  27:44  High Templar  
  172  27:51  Photon Cannon x2  
  172  27:53  Photon Cannon  
  172  27:59  Dark Templar x2, Photon Cannon x2  
  172  28:01  Photon Cannon  
  172  28:04  Archon  
  176  28:09  High Templar  
  178  28:22  Zealot x5  
  178  28:23  Zealot x3  
  160  29:47  Stargate  
  160  29:48  Stargate  
  160  29:49  Stargate  
Tags
 
Add a new tag
Caveats
  • Supply blocks, unpowered buildings, or Contaminate may cause inaccurate times.
  • Supply counts are checked every 10 seconds.